 Dungeon Crawl Stone Soup version 0.21-a0-404-g291f19a (webtiles) character file.

465 drevant the Vandal (level 7, -1/46 HPs)
             Began as a Halfling Warper on Oct 27, 2017.
             Slain by an ice beast (10 damage)
             ... on level 5 of the Dungeon.
             The game lasted 00:11:58 (5054 turns).

drevant the Vandal (Halfling Warper)                Turns: 5054, Time: 00:11:59

Health: -1/46      AC:  5    Str: 14    XL:     7   Next: 29%
Magic:  9/9        EV: 14    Int: 11    God:
Gold:   154        SH:  0    Dex: 14    Spells: 5/9 levels left

rFire    . . .     SeeInvis .   b - +0 hunting sling
rCold    . . .     Gourm    .   (shield restricted)
rNeg     . . .     Faith    .   i - +0 ring mail
rPois    .         Spirit   .   (no helmet)
rElec    .         Reflect  .   (no cloak)
rCorr    .         Harm     .   (no gloves)
MR       .....                  (no boots)
Stlth    +.........             (no amulet)
HPRegen  0.15/turn              (no ring)
MPRegen  0.11/turn              (no ring)

@: no status effects
A: mutation resistance 1
a: no special abilities


You were on level 5 of the Dungeon.
You were not hungry.

You visited 1 branch of the dungeon, and saw 5 of its levels.

You collected 154 gold pieces.

Inventory:

Hand Weapons
 a - a +0 short sword
 b - a +0 hunting sling (weapon)
Missiles
 e - 4 tomahawks of dispersal
 q - 10 sling bullets (quivered)
 r - 3 curare-tipped needles
 s - 115 stones
Armour
 i - a +0 ring mail (worn)
 o - a +0 leather armour
 v - a +0 ring mail
Scrolls
 d - a scroll of blinking
 j - a scroll of remove curse {unknown}
 k - a scroll of teleportation {unknown}
 m - 2 scrolls of identify
Potions
 g - 3 potions of curing
 p - a potion of brilliance
 t - a potion of mutation
Books
 c - a book of Spatial Translocations

   Spells                             Type                      Level
   a - Blink                          Translocation                2
   b - Shroud of Golubria             Charms/Translocation         2
   c - Lesser Beckoning               Translocation                3
   d - Gell's Gravitas                Translocation                3
   e - Teleport Other                 Translocation                3
   f - Passage of Golubria            Translocation                4
Comestibles
 f - 4 bread rations
 h - 3 royal jellies
 l - a meat ration


   Skills:
 + Level 3.2 Fighting
 - Level 3.5 Short Blades
 * Level 4.9(5.1) Slings
 - Level 1.0(2.3) Throwing
 - Level 1.1 Armour
 + Level 3.9 Dodging
 - Level 1.5 Spellcasting
 + Level 2.6 Charms
 + Level 4.3 Translocations


You had 5 spell levels left.
You knew the following spells:

 Your Spells              Type           Power        Failure   Level  Hunger
a - Blink                 Tloc           N/A          16%         2    ###....
b - Shroud of Golubria    Chrm/Tloc      #.........   22%         2    ###....


Dungeon Overview and Level Annotations

Branches:
Dungeon (5/15)
 Temple: D:4-7

Altars:
Ashenzari
Cheibriados
Trog


Innate Abilities, Weirdness & Mutations

You are small and have problems with some larger weapons.
You are somewhat resistant to further mutation.


Message History

You shoot a sling bullet. The sling bullet hits the ice beast.
The ice beast is almost dead.
The ice beast closely misses you.
You feel much better. The ice beast hits you. The ice beast freezes you!
* * * LOW HITPOINT WARNING * * *
Firing (i - inventory. (,) - cycle):
q - 12 sling bullets (quivered)
Press: ? - help, Shift-Dir - straight line, f/p - ice beast
Aim: an ice beast (almost dead)
You shoot a sling bullet. The sling bullet hits the ice beast.
The ice beast is almost dead.
The ice beast completely misses you.
Firing (i - inventory. (,) - cycle):
q - 11 sling bullets (quivered)
Press: ? - help, Shift-Dir - straight line, f/p - ice beast
Aim: an ice beast (almost dead)
You shoot a sling bullet.
The sling bullet closely misses the ice beast.
The ice beast hits you.
* * * LOW HITPOINT WARNING * * *
The ice beast freezes you!
You die...

*,,,,,,*,,,,,,,
*,,,,,,*#,,,,,,
*******..,,,,,,
*####.,,,,,,,,
*....,,*******
*..#****
#####..# *****
##.....#*
*,,,**#.@Y..(#
*........#####
*...######
*#***


You could see an ice beast.

Vanquished Creatures
  An ogre (D:4)
  The ghost of dainius the Cudgeler, an amateur GrMo (D:3)
  A scorpion (D:4)
  Terence (D:3)
  A worker ant (D:5)
  2 howler monkey skeletons (D:4)
  A worker ant zombie (D:4)
  8 adders
  An ooze (D:2)
  An adder zombie (D:4)
  2 worms
  3 dart slugs
  6 leopard geckos
  6 orcs (D:3)
  2 ball pythons
  5 giant cockroaches
  7 goblins
  8 hobgoblins
  2 jackals (D:3)
  3 quokkas
  3 bats
  3 frilled lizards
  A giant cockroach zombie (D:4)
  10 kobolds
  2 leopard gecko skeletons
  A quokka zombie (D:4)
  8 rats
90 creatures vanquished.

Vanquished Creatures (others)
  A wizard (D:3)
1 creature vanquished.

Grand Total: 91 creatures vanquished

Notes
Turn   | Place    | Note
-------+----------+-------------------------------------------
     0 | D:1      | drevant the Halfling Warper began the quest for the Orb.
     0 | D:1      | Reached XP level 1. HP: 14/14 MP: 3/3
   189 | D:1      | Reached XP level 2. HP: 16/19 MP: 4/4
   559 | D:1      | Reached XP level 3. HP: 15/24 MP: 5/5
   738 | D:1      | Learned a level 2 spell: Blink
   741 | D:1      | Learned a level 2 spell: Shroud of Golubria
  1471 | D:2      | Found a shattered altar of Ashenzari.
  1992 | D:2      | Reached XP level 4. HP: 20/29 MP: 6/6
  2200 | D:2      | Found a snail-covered altar of Cheibriados.
  2256 | D:2      | Reached skill level 1 in Slings
  2696 | D:2      | Reached skill level 1 in Charms
  3097 | D:3      | Reached XP level 5. HP: 35/35 MP: 7/7
  3214 | D:3      | Noticed Terence
  3327 | D:3      | Killed Terence
  3493 | D:3      | Found a bloodstained altar of Trog.
  3545 | D:3      | Noticed dainius's ghost (amateur GrMo)
  3557 | D:3      | Killed dainius's ghost
  3557 | D:3      | Reached XP level 6. HP: 35/41 MP: 8/8
  3669 | D:3      | Noticed a wizard
  3675 | D:3      | Killed a wizard
  4209 | D:4      | Noticed an ogre
  4531 | D:4      | Killed an ogre
  4531 | D:4      | Reached XP level 7. HP: 19/46 MP: 9/9
  4852 | D:5      | Entered Level 5 of the Dungeon
  5050 | D:5      | HP: 1/46 [ice beast (11)]
  5054 | D:5      | Slain by an ice beast

Vault maps used:
D:1:      eino_arrival_water_cross
D:2:      lemuel_coloured_pillars_altar, minmay_tree_intersection,
          nicolae_ashenzari_panopticon
D:3:      trog_wizard, uniq_terence
D:4:      first_bread, serial_undead, serial_undead_b, serial_undead_c,
          serial_undead_a, serial_undead_c, hex_medium, minmay_item_behind_shaft
D:5:      enter_ossuary_4, guppyfry_early_orc_mine

Skill      XL: |  1  2  3  4  5  6 |
---------------+-------------------+-----
Fighting       | 2 3 |  3.2
Short Blades   | 3 |  3.5
Slings         | 1 3 4 |  4.9
Charms         | 1 2 |  2.6
Dodging        | 3 |  3.9
Translocations | 4 |  4.3
Throwing       | |  1.0
Armour         | |  1.1
Spellcasting   | |  1.5

Action                   |  1- 3 |  4- 6 |  7- 9 || total
-------------------------+-------+-------+-------++-------
Melee: Short sword       |   134 |    16 |       ||   150
 Fire: Hunting sling     |    53 |   231 |    50 ||   334
Throw: Stone             |     2 |       |       ||     2
       Tomahawk          |       |     1 |       ||     1
  Use: Scroll            |       |     3 |     4 ||     7
       Potion            |       |     1 |     1 ||     2
  Eat: Chunk             |     3 |     7 |       ||    10
       Meat ration       |       |       |     1 ||     1
Armor: Leather armour    |    19 |     9 |       ||    28
       Ring mail         |       |    19 |     9 ||    28
Dodge: Dodged            |    91 |    85 |    22 ||   198

Table legend:
 A = Spawn XP
 B = Non-spawn XP
 C = Spawn XP percentage of total XP
 D = Spawn monster count
 E = Non-spawn monster count
 F = Spawn count percentage of total count
 G = Total turns spent on level
                    A         B        C        D         E        F      G
               +---------+---------+-------+---------+---------+-------+---------
         Total |       0 |     665 |   0.0 |       0 |      90 |   0.0 |  5054
               +---------+---------+-------+---------+---------+-------+---------
           D:1 |       0 |      33 |   0.0 |       0 |      17 |   0.0 |  1283
           D:2 |       0 |      81 |   0.0 |       0 |      28 |   0.0 |  1652
           D:3 |       0 |     219 |   0.0 |       0 |      27 |   0.0 |   883
           D:4 |       0 |     295 |   0.0 |       0 |      15 |   0.0 |  1143
           D:5 |       0 |      37 |   0.0 |       0 |       3 |   0.0 |    93
               +---------+---------+-------+---------+---------+-------+---------
